 Dungeon Crawl Stone Soup version 0.29.0-4-gdea44cf6ec (webtiles) character file.

Game seed: 13170732871092200880

3658 qw the Cleaver (level 9, -4/72 HPs)
             Began as a Demonspawn Cinder Acolyte on Sept 9, 2022.
             Was a Priest of Ignis.
             Slain by Maggie
             ... wielding a +2 glaive of flaming
              (10 damage)
             ... on level 7 of the Dungeon.
             The game lasted 00:02:46 (8326 turns).

qw the Cleaver (Demonspawn Cinder Acolyte)          Turns: 8326, Time: 00:02:46

Health: -4/72      AC: 18    Str: 19    XL:     9   Next: 88%
Magic:  10/10      EV:  8    Int: 15    God:    Ignis [***...]
Gold:   358        SH:  0    Dex: 13    Spells: 10/10 levels left

rFire   + . .      SeeInvis .   c - +4 war axe of Greed {venom, Will+ Dex+4 Stlth+}
rCold   + . .      Faith    .   (no shield)
rNeg    . . .      Spirit   .   k - +0 chain mail
rPois   .          Reflect  .   (no helmet)
rElec   .          Harm     .   (no cloak)
rCorr   .          Rampage  .   (no gloves)
Will    +....                   (no boots)
Stlth   ..........              o - amulet of the acrobat
HPRegen 0.22/turn               p - ring of protection from cold
MPRegen 0.12/turn               (no ring)

@: about to teleport, fiery-armoured
A: thin metallic scales 1, demonic touch 1
a: Renounce Religion, Fiery Armour, Foxfire Swarm, Rising Flame


You were on level 7 of the Dungeon.
You worshipped Ignis.
Ignis was most pleased with you.
You visited 1 branch of the dungeon, and saw 7 of its levels.
You also visited: Ossuary.

You collected 358 gold pieces.


Innate Abilities, Weirdness & Mutations

You are partially covered in thin metallic scales. (AC +2)
Your touch may inflict minor irresistible damage on your foes.


   Skills:
 - Level 7.0 Fighting
 - Level 11.0 Axes
 - Level 1.4 Throwing
 + Level 3.1 Armour
 - Level 2.3 Dodging
 - Level 1.0 Spellcasting
 - Level 2.6 Fire Magic


You had 10 spell levels left.
You didn't know any spells.
Your spell library contained the following spells:

 Spells                   Type           Power      Damage    Failure   Level
 Scorch                   Fire           16%        2d5       82%         2

Inventory:

Hand Weapons
 c - the +4 war axe of Greed (weapon) {venom, Will+ Dex+4 Stlth+}
   (You acquired it on level 1 of the Dungeon)

   It poisons the flesh of those it strikes.
   Dex:       It affects your dexterity (+4).
   Will:      It increases your willpower.
   Stlth:     It makes you more stealthy.
 i - a +0 flail
Armour
 k - a +0 chain mail (worn)
Jewellery
 o - an amulet of the acrobat (around neck)
 p - a ring of protection from cold (left hand)
Scrolls
 b - 2 scrolls of teleportation
 m - 2 scrolls of identify
 q - a scroll of enchant weapon
Potions
 a - a potion of haste
 d - a potion of mutation
 e - a potion of might {unknown}
 f - 8 potions of curing
 g - a potion of magic {unknown}
 h - 2 potions of cancellation
 r - a potion of resistance {unknown}

Dungeon Overview and Level Annotations

Branches:
Dungeon (7/15)             Temple (0/1) D:4         Ossuary (visited)

Altars:
Hepliaklqana
Kikubaaqudgha
Nemelex Xobeh
Okawaru

Shops:
D:4 **

Annotations:
D:5 2 runed translucent doors, qw's ghost, novice GrBe
D:7 1 runed translucent door, Crazy Yiuf; Maggie


Message History

You barely miss the wight.
The wight is almost destroyed.
You hit the wight but do no damage. You hit the water moccasin.
You closely miss the gnoll sergeant.
The water moccasin bites you but does no damage.
The water moccasin is burned by your cloak of flames.
The water moccasin is almost dead.
The gnoll hits you from afar with a +0 spear.
The gnoll sergeant barely misses you. The wight barely misses you.
The wight hits you but does no damage.
The wight completely resists.
The wight hits you from afar with a +4 trident of freezing.
You slash the wight!
You destroy the wight!
You hit the gnoll sergeant but do no damage.
The gnoll sergeant looks as sick as possible!
You hit the wight but do no damage. You closely miss the water moccasin.
You kill the gnoll sergeant!
The water moccasin bites you but does no damage.
The water moccasin is burned by your cloak of flames.
You kill the water moccasin!
Maggie hits you from afar with a +2 glaive of flaming!
Maggie burns you. The gnoll hits you but does no damage.
The wight closely misses you. The wight hits you but does no damage.
The wight resists.
The wight is burned by your cloak of flames.
The wight is lightly damaged.
The wight closely misses you.
Your life force feels restored.
Your Axes skill increases to level 11!
You slash the wight!
You destroy the wight!
Maggie gestures at you while chanting. The bolt of fire hits you! You resist.
The gnoll hits you but does no damage.
The wight hits you from afar with a +0 halberd!
The wight hits you from afar with a +4 trident of freezing.
8326 ||| READING 3 scrolls of teleportation.
As you read the scroll of teleportation, it crumbles to dust.
You feel strangely unstable.
Maggie hits you from afar with a +2 glaive of flaming!
You die...

..#.####
.......#
####...$..##.
###...!.......
............#
....:..@zz..#
.......)....#
.....g.@)...#
......))%...#
.<.....#..###
....... ..#
....?.. #.#
... ....... ..
######.#
...###. ...
.....#.. .##
#. ....
.....#.# .#
##..


You could see Maggie, 2 wights and a gnoll.

Vanquished Creatures
  Pikel (D:6)
  A hornet (D:5)
  Prince Ribbit (D:7)
  A steam dragon (D:7)
  A water moccasin (D:7)
  3 ice beasts
  A black bear (D:4)
  3 ogres
  A centaur (D:7)
  2 lemures (D:6)
  A phantom (D:4)
  An elf zombie (Ossuary)
  A gnoll sergeant (D:7)
  A necrophage (D:7)
  2 scorpions
  3 bullfrogs
  5 wights (D:7)
  A troll zombie (Ossuary)
  3 centaur zombies (Ossuary)
  6 hounds
  A gnoll bouda (D:6)
  An orc priest (D:4)
  4 jellies
  Terence (D:2)
  2 iguanas
  An orc wizard (D:4)
  An ogre zombie (Ossuary)
  7 mummies (Ossuary)
  10 gnolls
  7 adders
  7 adder zombies (Ossuary)
  2 dart slugs (D:2)
  9 worms
  4 orcs
  8 bats
  4 endoplasms
  4 giant cockroaches
  A gnoll zombie (Ossuary)
  8 goblins
  5 hobgoblins
  3 jackals (D:2)
  3 quokkas
  11 ball pythons
  A frilled lizard (D:2)
  A goblin zombie (Ossuary)
  4 hobgoblin zombies (Ossuary)
  2 kobolds
  4 kobold zombies (Ossuary)
  5 quokka zombies
  2 rats
  4 rat zombies (Ossuary)
166 creatures vanquished.

Vanquished Creatures (others)
  2 fungi (D:5)
  A plant (D:2)
3 creatures vanquished.

Grand Total: 169 creatures vanquished

Notes
Turn   | Place    | Note
-------+----------+-------------------------------------------
     0 | D:1      | qw the Demonspawn Cinder Acolyte began the quest for the
                  | Orb.
     0 | D:1      | Reached XP level 1. HP: 18/18 MP: 2/2
     0 | D:1      | 0 ||| qw: Version: 0.1-a-113-g051387a
     0 | D:1      | 0 ||| qw: Game counter: 6961
     0 | D:1      | 0 ||| qw: Always use a shield: true
     0 | D:1      | 0 ||| qw: God list: Okawaru
     0 | D:1      | 0 ||| qw: Allow faded altars: false
     0 | D:1      | 0 ||| qw: Do Orc after D:15 true
     0 | D:1      | 0 ||| qw: Do second Lair branch before Depths: true
     0 | D:1      | 0 ||| qw: Lair rune preference: random
     0 | D:1      | 0 ||| qw: Plans: Normal
     0 | D:1      | 0 ||| PLANNING D:1-11
    46 | D:1      | 46 ||| Stepping ~*~*~tactically~*~*~ (stealth).
    50 | D:1      | 50 ||| INVOKING Fiery Armour.
   345 | D:1      | 345 ||| Stepping ~*~*~tactically~*~*~ (stealth).
   346 | D:1      | 346 ||| Stepping ~*~*~tactically~*~*~ (stealth).
   349 | D:1      | 349 ||| Stepping ~*~*~tactically~*~*~ (stealth).
   350 | D:1      | 350 ||| Stepping ~*~*~tactically~*~*~ (stealth).
   353 | D:1      | 353 ||| Stepping ~*~*~tactically~*~*~ (stealth).
   354 | D:1      | 354 ||| Stepping ~*~*~tactically~*~*~ (stealth).
   370 | D:1      | 370 ||| Stepping ~*~*~tactically~*~*~ (stealth).
   381 | D:1      | Reached skill level 3 in Axes
   780 | D:1      | Gained mutation: You are partially covered in thin metallic
                  | scales. (AC +2) [demonic ancestry]
   780 | D:1      | Reached XP level 2. HP: 24/24 MP: 3/3
  1341 | D:1      | Found a faded altar of an unknown god.
  1404 | D:1      | 1404 ||| READING scroll labelled DEAHOA ERUDYU.
  1405 | D:1      | 1405 ||| READING scroll labelled OHEBBA VETUMEU.
  1465 | D:1      | 1465 ||| READING scroll labelled GILAFOQ FEUHUG.
  1466 | D:1      | 1466 ||| READING scroll labelled VICWUEPO PITU.
  1467 | D:1      | 1467 ||| READING scroll labelled HIMEP WYTUFRAC.
  1472 | D:1      | 1472 ||| DRINKING 2 bubbling yellow potions.
  1473 | D:1      | 1473 ||| DRINKING 3 golden potions.
  1474 | D:1      | 1474 ||| DROPPING 2 potions of invisibility.
  1479 | D:2      | 1479 ||| Stepping ~*~*~tactically~*~*~ (stealth).
  1480 | D:2      | 1480 ||| Stepping ~*~*~tactically~*~*~ (stealth).
  1586 | D:2      | 1586 ||| Stepping ~*~*~tactically~*~*~ (stealth).
  1587 | D:2      | 1587 ||| Stepping ~*~*~tactically~*~*~ (stealth).
  1638 | D:2      | Noticed Terence
  1646 | D:2      | 1646 ||| Stepping ~*~*~tactically~*~*~ (stealth).
  1654 | D:2      | Killed Terence
  1655 | D:2      | Reached skill level 4 in Axes
  1655 | D:2      | Gained mutation: Your touch may inflict minor irresistible
                  | damage on your foes. [demonic ancestry]
  1655 | D:2      | Reached XP level 3. HP: 16/29 MP: 4/4
  1656 | D:2      | 1656 ||| INVOKING Fiery Armour.
  1661 | D:2      | 1661 ||| Stepping ~*~*~tactically~*~*~ (stealth).
  1663 | D:2      | 1663 ||| Stepping ~*~*~tactically~*~*~ (stealth).
  1675 | D:2      | 1675 ||| FLEEEEING.
  1699 | D:2      | 1699 ||| FLEEEEING.
  1701 | D:2      | 1701 ||| STAIRDANCE
  1828 | D:1      | 1828 ||| READING scroll labelled YKITWU NE TAUCW.
  1828 | D:1      | Identified a scroll of acquirement
  1828 | D:1      | 1828 ||| ACQUIRING +4 war axe of Greed {venom, Will+ Dex+4
                  | Stlth+}
  1828 | D:1      | Acquired the +4 war axe of Greed {venom, Will+ Dex+4
                  | Stlth+}
  1830 | D:1      | 1830 ||| SWAPPING to +4 war axe of Greed {venom, Will+
                  | Dex+4 Stlth+}.
  1831 | D:1      | 1831 ||| DROPPING -1 hand axe of electrocution.
  1832 | D:1      | 1832 ||| READING scroll labelled ADYOCA JUNLIEMNI.
  1841 | D:2      | 1841 ||| Stepping ~*~*~tactically~*~*~ (stealth).
  1842 | D:2      | 1842 ||| Stepping ~*~*~tactically~*~*~ (stealth).
  1845 | D:2      | 1845 ||| Stepping ~*~*~tactically~*~*~ (stealth).
  1847 | D:2      | 1847 ||| Stepping ~*~*~tactically~*~*~ (stealth).
  1849 | D:2      | 1849 ||| Stepping ~*~*~tactically~*~*~ (stealth).
  1851 | D:2      | 1851 ||| Stepping ~*~*~tactically~*~*~ (stealth).
  1853 | D:2      | 1853 ||| Stepping ~*~*~tactically~*~*~ (stealth).
  1928 | D:2      | 1928 ||| Stepping ~*~*~tactically~*~*~ (stealth).
  1935 | D:2      | Reached skill level 1 in Dodging
  1935 | D:2      | Reached XP level 4. HP: 32/35 MP: 5/5
  1993 | D:2      | 1993 ||| DROPPING +0 club.
  2065 | D:2      | 2065 ||| Stepping ~*~*~tactically~*~*~ (stealth).
  2067 | D:2      | 2067 ||| Stepping ~*~*~tactically~*~*~ (stealth).
  2812 | D:2      | 2812 ||| UPGRADING to +0 scale mail.
  2822 | D:2      | 2822 ||| DROPPING +0 robe.
  3078 | D:3      | Reached skill level 1 in Armour
  3096 | D:3      | 3096 ||| Stepping ~*~*~tactically~*~*~ (stealth).
  3471 | D:3      | 3471 ||| DROPPING scarf of harm.
  3472 | D:3      | 3472 ||| UPGRADING to +0 chain mail.
  3482 | D:3      | 3482 ||| DROPPING +0 scale mail.
  3483 | D:3      | 3483 ||| UPGRADING to amulet of the acrobat.
  3488 | D:3      | 3488 ||| UPGRADING to ring of protection from cold.
  3489 | D:3      | 3489 ||| DRINKING 2 lumpy golden potions.
  3490 | D:3      | 3490 ||| DRINKING 2 lumpy ruby potions.
  3491 | D:3      | 3491 ||| DROPPING potion of degeneration.
  3519 | D:4      | Noticed a bullfrog
  3526 | D:4      | Killed a bullfrog
  3527 | D:4      | Reached skill level 5 in Axes
  3527 | D:4      | Reached XP level 5. HP: 31/41 MP: 6/6
  3527 | D:4      | 3527 ||| STAIRDANCE
  3696 | D:4      | 3696 ||| Stepping ~*~*~tactically~*~*~ (stealth).
  3697 | D:4      | 3697 ||| Stepping ~*~*~tactically~*~*~ (stealth).
  3752 | D:4      | Reached XP level 6. HP: 47/47 MP: 7/7
  3756 | D:4      | 3756 ||| Stepping ~*~*~tactically~*~*~ (stealth).
  3765 | D:4      | Reached skill level 6 in Axes
  3827 | D:4      | Found a staircase to the Ecumenical Temple.
  3880 | D:4      | Found Pucobu Guim's Specific Store.
  3883 | D:4      | Found Wuoratu's General Store.
  3893 | D:4      | 3893 ||| SHOPLISTING +2 kite shield (231 gold, have 167).
  4253 | D:4      | 4253 ||| INVOKING Fiery Armour.
  4260 | D:4      | Reached XP level 7. HP: 32/54 MP: 8/8
  4264 | D:4      | 4264 ||| FLEEEEING.
  4430 | D:4      | 4430 ||| FLEEEEING.
  4431 | D:4      | 4431 ||| FLEEEEING.
  4432 | D:4      | 4432 ||| FLEEEEING.
  4433 | D:4      | 4433 ||| FLEEEEING.
  4434 | D:4      | 4434 ||| FLEEEEING.
  4435 | D:4      | 4435 ||| FLEEEEING.
  4436 | D:4      | 4436 ||| FLEEEEING.
  4437 | D:4      | 4437 ||| FLEEEEING.
  4438 | D:4      | 4438 ||| FLEEEEING.
  4439 | D:4      | 4439 ||| FLEEEEING.
  4440 | D:4      | 4440 ||| FLEEEEING.
  4441 | D:4      | 4441 ||| FLEEEEING.
  4442 | D:4      | 4442 ||| FLEEEEING.
  4443 | D:4      | 4443 ||| FLEEEEING.
  4444 | D:4      | 4444 ||| STAIRDANCE
  4489 | D:3      | 4489 ||| DROPPING orb of mayhem.
  4490 | D:3      | 4490 ||| READING scroll labelled CUXZI OTIFAONYGU.
  4491 | D:3      | 4491 ||| DRINKING 2 orange potions.
  4492 | D:3      | 4492 ||| DROPPING potion of flight.
  4496 | D:4      | 4496 ||| Stepping ~*~*~tactically~*~*~ (hiding).
  4497 | D:4      | 4497 ||| Stepping ~*~*~tactically~*~*~ (hiding).
  4518 | D:4      | 4518 ||| DROPPING +0 whip.
  4539 | D:4      | 4539 ||| FLEEEEING.
  4540 | D:4      | 4540 ||| FLEEEEING.
  4541 | D:4      | 4541 ||| FLEEEEING.
  4542 | D:4      | 4542 ||| FLEEEEING.
  4543 | D:4      | 4543 ||| FLEEEEING.
  4544 | D:4      | 4544 ||| FLEEEEING.
  4545 | D:4      | 4545 ||| FLEEEEING.
  4546 | D:4      | 4546 ||| FLEEEEING.
  4547 | D:4      | 4547 ||| FLEEEEING.
  4548 | D:4      | 4548 ||| FLEEEEING.
  4549 | D:4      | 4549 ||| FLEEEEING.
  4550 | D:4      | 4550 ||| FLEEEEING.
  4551 | D:4      | 4551 ||| STAIRDANCE
  4735 | D:4      | 4735 ||| Stepping ~*~*~tactically~*~*~ (hiding).
  4736 | D:4      | 4736 ||| Stepping ~*~*~tactically~*~*~ (hiding).
  4785 | D:5      | Entered Level 5 of the Dungeon
  4826 | D:5      | 4826 ||| Stepping ~*~*~tactically~*~*~ (hiding).
  4827 | D:5      | 4827 ||| Stepping ~*~*~tactically~*~*~ (hiding).
  4915 | D:5      | Found a runed translucent door.
  4916 | D:5      | Noticed qw's ghost (novice GrBe)
  4947 | D:5      | HP: 11/54 [ogre/+0 giant club (20)]
  4948 | D:5      | 4948 ||| READING scroll of teleportation.
  4949 | D:5      | 4949 ||| DRINKING potion of heal wounds.
  4950 | D:5      | Reached skill level 7 in Axes
  5075 | D:5      | 5075 ||| Stepping ~*~*~tactically~*~*~ (stealth).
  5076 | D:5      | 5076 ||| Stepping ~*~*~tactically~*~*~ (stealth).
  5083 | D:5      | Reached skill level 1 in Throwing
  5201 | D:5      | Reached XP level 8. HP: 60/60 MP: 9/9
  5201 | D:5      | Found an ancient bone altar of Kikubaaqudgha.
  5354 | D:5      | Reached skill level 8 in Axes
  5423 | D:5      | 5423 ||| Stepping ~*~*~tactically~*~*~ (stealth).
  5521 | D:5      | Noticed a hornet
  5522 | D:5      | 5522 ||| Stepping ~*~*~tactically~*~*~ (stealth).
  5524 | D:5      | 5524 ||| Stepping ~*~*~tactically~*~*~ (stealth).
  5529 | D:5      | 5529 ||| INVOKING Fiery Armour.
  5529 | D:5      | Killed a hornet
  5549 | D:5      | 5549 ||| FLEEEEING.
  5550 | D:5      | 5550 ||| FLEEEEING.
  5551 | D:5      | 5551 ||| FLEEEEING.
  5799 | D:5      | Found a runed translucent door.
  6096 | D:5      | 6096 ||| READING scroll labelled XIXUME HOKLO.
  6097 | D:5      | 6097 ||| READING scroll labelled BESECU PACUTO.
  6198 | D:5      | 6198 ||| READING 4 scrolls of identify.
  6198 | D:5      | 6198 ||| IDENTIFYING bubbling red potion
  6199 | D:5      | 6199 ||| READING 3 scrolls of identify.
  6199 | D:5      | 6199 ||| IDENTIFYING red potion
  6200 | D:5      | 6200 ||| READING 2 scrolls of identify.
  6200 | D:5      | 6200 ||| IDENTIFYING silvery potion
  6201 | D:5      | 6201 ||| DROPPING potion of brilliance.
  6202 | D:5      | 6202 ||| DROPPING potion of attraction.
  6355 | D:6      | 6355 ||| Stepping ~*~*~tactically~*~*~ (stealth).
  6356 | D:6      | Noticed Pikel
  6372 | D:6      | 6372 ||| INVOKING Fiery Armour.
  6373 | D:6      | HP: 11/63 [Pikel/+0 whip of flaming (7)]
  6373 | D:6      | Killed Pikel
  6374 | D:6      | Reached skill level 9 in Axes
  6374 | D:6      | Reached XP level 9. HP: 11/68 MP: 10/10
  6475 | D:6      | 6475 ||| Stepping ~*~*~tactically~*~*~ (stealth).
  6495 | D:6      | 6495 ||| INVOKING Fiery Armour.
  6498 | D:6      | HP: 16/68 [gnoll/+0 flail[a gnoll bouda] (3)]
  6499 | D:6      | 6499 ||| READING scroll of teleportation.
  6821 | D:6      | 6821 ||| Stepping ~*~*~tactically~*~*~ (stealth).
  6843 | D:6      | 6843 ||| Stepping ~*~*~tactically~*~*~ (stealth).
  6875 | D:6      | Found an iron altar of Okawaru.
  7021 | D:6      | Found a hazy altar of Hepliaklqana.
  7052 | D:6      | Reached skill level 3 in Armour
  7197 | D:6      | Found a sparkling altar of Nemelex Xobeh.
  7318 | D:6      | 7318 ||| READING scroll labelled ZEMMI ERIVIBA.
  7346 | D:7      | 7346 ||| PLANNING OSSUARY
  7352 | D:7      | Reached skill level 6 in Fighting
  7374 | D:7      | Noticed Prince Ribbit
  7380 | D:7      | Killed Prince Ribbit
  7381 | D:7      | Reached skill level 10 in Axes
  7388 | D:7      | 7388 ||| Stepping ~*~*~tactically~*~*~ (hiding).
  7389 | D:7      | 7389 ||| Stepping ~*~*~tactically~*~*~ (hiding).
  7412 | D:7      | Found a sand-covered staircase.
  7424 | Ossuary  | Entered an ossuary
  7942 | Ossuary  | 7942 ||| READING scroll labelled WOEDDO GEP BID.
  7943 | Ossuary  | 7943 ||| READING scroll labelled FAT MOAMEDWEROJUOTT.
  7944 | Ossuary  | 7944 ||| DRINKING 3 fizzy emerald potions.
  7945 | Ossuary  | 7945 ||| DRINKING 2 glowing sapphire potions.
  7991 | Ossuary  | 7991 ||| READING 2 scrolls of identify.
  7991 | Ossuary  | 7991 ||| IDENTIFYING smoky cyan potion
  7992 | Ossuary  | 7992 ||| DROPPING potion of lignification.
  8003 | D:7      | 8003 ||| PLANNING D:1-11
  8046 | D:7      | 8046 ||| Stepping ~*~*~tactically~*~*~ (hiding).
  8056 | D:7      | 8056 ||| INVOKING Fiery Armour.
  8315 | D:7      | Found a runed translucent door.
  8316 | D:7      | Noticed Crazy Yiuf
  8318 | D:7      | Noticed Maggie
  8319 | D:7      | 8319 ||| INVOKING Fiery Armour.
  8325 | D:7      | Reached skill level 11 in Axes
  8325 | D:7      | HP: 13/72 [Maggie/bolt of fire (10)]
  8325 | D:7      | HP: 6/72 [wight/+0 halberd (7)]
  8326 | D:7      | 8326 ||| READING 3 scrolls of teleportation.
  8326 | D:7      | Slain by Maggie

Levels and vault maps discovered:
D:1:      beargit_arrival_diablo_church, layout_loops_corners,
          hellmonk_ecumenical_altar_inner_sanctum
D:2:      layout_rooms, st_stairs_3, kennysheep_minor_cross,
          serial_bayou_lagoon_a, minmay_increasing_density, uniq_terence
D:3:      layout_loops_ring
D:4:      minmay_wonky_spiral, layout_loops_ring,
          minmay_temple_entry_nine_rooms, chequers_serial_rivers_micro_b,
          nicolae_specific_store
D:5:      layout_basic, mainiacjoe_overflow_boulevard, ebering_ghost_sewer_f
D:6:      layout_basic, worldfamousw_hep_ancestral_shrine, nemelex_altar_shiori,
          okawaru_trees_1, uniq_pikel
D:7:      layout_rooms, general_overflow_altar, enter_ossuary_4, uniq_maggie,
          uniq_prince_ribbit1, uniq_crazy_yiuf_cottage

Skill      XL: |  1  2  3  4  5  6  7  8  9 |
---------------+----------------------------+-----
Axes           | 3 4 5 6 7 9 11 | 11.0
Dodging        | 1 2 |  2.3
Armour         | 1 2 3 |  3.1
Fighting       | 4 5 7 |  7.0
Throwing       | 1 |  1.4
Spellcasting   | |  1.0
Fire Magic     | |  2.6

Action                   |  1- 3 |  4- 6 |  7- 9 || total
-------------------------+-------+-------+-------++-------
Melee: Hand axe          |    81 |       |       ||    81
       Punch             |     2 |     1 |     3 ||     6
       War axe           |     8 |    92 |   244 ||   344
       Touch             |     2 |    13 |    54 ||    69
Throw: Boomerang         |       |       |    18 ||    18
Invok: Fiery Armour      |     2 |     1 |     5 ||     8
  Use: Scroll            |     7 |       |    13 ||    20
       Potion            |     2 |     2 |     4 ||     8
 Stab: Invisible         |     1 |       |       ||     1
Armor: Robe              |    23 |     9 |       ||    32
       Scale mail        |       |     7 |       ||     7
       Chain mail        |       |    26 |   114 ||   140
Dodge: Dodged            |    56 |    34 |   105 ||   195

Table legend:
 A = Non-vault XP
 B = Vault XP
 C = Vault XP percentage of total XP
 D = Non-vault monster count
 E = Vault monster count
 F = Vault count percentage of total count
                 A         B        C        D         E       F
            +---------+---------+-------+---------+---------+-------
      Total |    3542 |    1685 |  32.2 |     111 |      53 |  32.3
            +---------+---------+-------+---------+---------+-------
        D:1 |      25 |       0 |   0.0 |      16 |       0 |   0.0
        D:2 |      80 |      52 |  39.4 |      22 |       7 |  24.1
        D:3 |      30 |       0 |   0.0 |      11 |       0 |   0.0
        D:4 |     596 |     167 |  21.9 |      19 |       5 |  20.8
        D:5 |    1179 |       0 |   0.0 |      16 |       0 |   0.0
        D:6 |     472 |     697 |  59.6 |      13 |       1 |   7.1
        D:7 |    1160 |     257 |  18.1 |      14 |       3 |  17.6
    Ossuary |       0 |     512 | 100.0 |       0 |      37 | 100.0
            +---------+---------+-------+---------+---------+-------
